 Dungeon Crawl Stone Soup version 0.25-a0-942-g87a53962fc (webtiles) character file.

Game seed: 18093220297299918441, levelgen mode: deterministic

128 vinniec the Grave Robber (level 4, -1/30 HPs)
             Began as a Vampire Necromancer on May 5, 2020.
             Slain by an ogre
             ... wielding a +0 giant spiked club
              (21 damage)
             ... on level 3 of the Dungeon on May 6, 2020.
             The game lasted 00:33:45 (2952 turns).

vinniec the Grave Robber (Vampire Necromancer)      Turns: 2952, Time: 00:33:45

Health: -1/30      AC: 13    Str:  7    XL:     4   Next: 87%
Magic:  14/17      EV: 12    Int: 18    God:
Gold:   139        SH:  0    Dex: 14    Spells: 0/9 levels left

rFire    . . .     SeeInvis +   G - +0 flail (protect)
rCold    . . .     Gourm    .   (no shield)
rNeg     + . .     Faith    .   F - +1 leather armour {rN+}
rPois    .         Spirit   .   v - +0 helmet
rElec    .         Reflect  .   A - +0 cloak
rCorr    .         Harm     .   (no gloves)
MR       .....                  (no boots)
Stlth    ++........             (no amulet)
HPRegen  0.30/turn              k - ring of magical power
MPRegen  0.15/turn              (no ring)

@: protection aura, regenerating quickly
A: no food, fangs 3, see invisible, unbreathing
a: Exsanguinate


You were on level 3 of the Dungeon.
You were alive.

You visited 1 branch of the dungeon, and saw 4 of its levels.

You collected 139 gold pieces.

Inventory:

Hand Weapons
 c - a +0 whip
 e - a +0 short sword
 t - a cursed +0 hand axe
 G - a +0 flail of protection (weapon)
 H - a +1 mace of venom
Missiles
 f - 59 arrows
 h - 74 stones (quivered)
 j - 42 sling bullets
 r - 2 javelins
 z - 16 poisoned darts
 D - a boomerang
Armour
 m - a +0 scale mail
 n - a +0 robe
 o - a +0 ring mail
 v - a +0 helmet (worn)
 w - a +0 chain mail
 y - a +0 leather armour
 A - a +0 cloak (worn)
 B - a +0 ring mail
 C - a +0 leather armour
 F - a +1 leather armour of positive energy (worn)
Jewellery
 k - a ring of magical power (left hand)
Wands
 E - a wand of random effects (22)
Scrolls
 a - 4 scrolls of immolation {unknown}
 b - 3 scrolls of identify
 d - a scroll of remove curse {unknown}
 p - 2 scrolls of fog {unknown}
 q - 3 scrolls of enchant weapon {unknown}
 s - 5 scrolls of teleportation {unknown}
 x - 2 scrolls of magic mapping {unknown}
Potions
 g - a potion of brilliance {unknown}
 l - a potion of curing {unknown}
 u - a potion of lignification {unknown}
Comestibles
 i - 6 rations


   Skills:
 + Level 0.3 Fighting
 + Level 1.2 Short Blades
 * Level 1.4 Armour
 * Level 2.4 Dodging
 * Level 3.8 Stealth
 * Level 3.1 Spellcasting
 + Level 4.9 Necromancy


You couldn't memorise any spells.
You knew the following spells:

 Your Spells              Type           Power        Failure   Level  Hunger
a - Pain                  Necr           ###.         3%          1    N/A
b - Animate Skeleton      Necr           N/A          3%          1    N/A
c - Vampiric Draining     Necr           ###.......   9%          3    N/A
d - Animate Dead          Necr           N/A          30%         4    N/A

Your spell library contained the following spells:

 Spells                   Type           Power        Failure   Level  Hunger
 Agony                    Necr           ###.....     63%         5    N/A

Dungeon Overview and Level Annotations

Branches:
Dungeon (4/15)
 Temple: D:4-7

Altars:


Innate Abilities, Weirdness & Mutations

You do not eat.
Your natural rate of healing is unusually fast.
You have razor-sharp teeth.
You have supernaturally acute eyesight. (SInv)
You can survive without breathing.


Message History

You hit the ogre but do no damage.
The ogre is moderately wounded.
The ogre closely misses you.
You hit the ogre but do no damage.
The ogre is moderately wounded.
The ogre barely misses you.
You barely miss the ogre.
The ogre is moderately wounded.
The ogre hits you with a +0 giant spiked club!
Casting: Vampiric Draining (quite dangerous; 9% risk of failure)
Confirm with . or Enter, or press ? or * to list all spells.
The spell is quite dangerous to cast (9% risk of failure)!
Continue anyway?
Aiming: Vampiric Draining (quite dangerous; 9% risk of failure)
Press: ? - help, Shift-Dir - straight line, f/p - ogre
Aim: an ogre, wielding a +0 giant spiked club (moderately wounded)
The ogre is severely wounded.
You feel life coursing into your body.
The ogre hits you with a +0 giant spiked club!!
Ouch! That really hurt!
You die...

####### #..#......# ##.#.##.
......###.##......# #.......
#####...#.##......# #.##....
###..[........# #.##....
##### ###.##......###
#.##....
....#####>#####.....#
##.##....
....................###
#..###...
#####.......#######...###.##
#... #######.....@O........#
#### #################


You could see an ogre.

Vanquished Creatures
  Ijyb (D:3)
  4 adders
  3 leopard geckos
  8 orcs
  A ball python (D:1)
  A giant cockroach (D:2)
  3 goblins
  6 hobgoblins
  2 bats (D:1)
  8 frilled lizards
  4 kobolds (D:1)
  8 rats
49 creatures vanquished.

Vanquished Creatures (collateral kills)
  An adder (D:3)
  An orc (D:3)
  A kobold (D:1)
  A rat (D:1)
4 creatures vanquished.

Grand Total: 53 creatures vanquished

Notes
Turn   | Place    | Note
-------+----------+-------------------------------------------
     0 | D:1      | vinniec the Vampire Necromancer began the quest for the
                  | Orb.
     0 | D:1      | Reached XP level 1. HP: 13/13 MP: 3/3
    68 | D:1      | Learned a level 1 spell: Animate Skeleton
   298 | D:1      | Reached XP level 2. HP: 17/19 MP: 3/5
  1150 | D:2      | Reached XP level 3. HP: 23/24 MP: 6/6
  1157 | D:2      | Learned a level 3 spell: Vampiric Draining
  1435 | D:2      | Reached skill level 1 in Armour
  1711 | D:2      | Reached skill level 1 in Short Blades
  1849 | D:3      | Reached XP level 4. HP: 30/30 MP: 7/7
  2265 | D:3      | Noticed Ijyb
  2285 | D:3      | Killed Ijyb
  2590 | D:3      | Learned a level 4 spell: Animate Dead
  2701 | D:4      | Noticed an ogre
  2952 | D:3      | Slain by an ogre

Levels and vault maps discovered:
D:1:      lemuel_arrival_room, layout_loops_ring, minmay_tiny_reverse_x
D:2:      layout_loops_ring, first_ration
D:3:      layout_rooms, grunt_decor_cap, uniq_ijyb
D:4:      minmay_goblin_kobold_castle, layout_loops_ring,
          overflow_temple_1_default, lemuel_round_altar,
          nicolae_tso_carved_into_rock

Skill      XL: |  1  2  3  4 |
---------------+-------------+-----
Armour         | 1 |  1.4
Short Blades   | 1 |  1.2
Spellcasting   | 3 |  3.1
Fighting       | |  0.3
Dodging        | |  2.4
Stealth        | |  3.8
Necromancy     | |  4.9

Action                   |  1- 3 |  4- 6 || total
-------------------------+-------+-------++-------
Melee: Short sword       |    37 |    27 ||    64
       Unarmed           |     3 |       ||     3
       Bite              |     1 |     4 ||     5
       Flail             |       |     7 ||     7
Throw: Stone             |       |     1 ||     1
 Cast: Pain              |    36 |    33 ||    69
       Animate Skeleton  |    15 |     7 ||    22
       Vampiric Draining |     5 |     4 ||     9
  Use: Scroll            |     1 |       ||     1
 Stab: Sleeping          |    10 |     3 ||    13
Armor: Robe              |     8 |     9 ||    17
       Leather armour    |       |     3 ||     3
       Skin              |       |     1 ||     1
Dodge: Dodged            |    23 |    48 ||    71

Table legend:
 A = Non-vault XP
 B = Vault XP
 C = Vault XP percentage of total XP
 D = Non-vault monster count
 E = Vault monster count
 F = Vault count percentage of total count
                 A         B        C        D         E       F
            +---------+---------+-------+---------+---------+-------
      Total |     146 |      38 |  20.7 |      50 |       3 |   5.7
            +---------+---------+-------+---------+---------+-------
        D:1 |      22 |       2 |   8.3 |      16 |       2 |  11.1
        D:2 |      59 |       0 |   0.0 |      15 |       0 |   0.0
        D:3 |      62 |      36 |  36.7 |      18 |       1 |   5.3
        D:4 |       3 |       0 |   0.0 |       1 |       0 |   0.0
            +---------+---------+-------+---------+---------+-------
